 Dungeon Crawl Stone Soup version 0.22.1-2-g9c5b331 (webtiles) character file.

1683 step280290 the Cleaver (level 8, -1/73 HPs)
             Began as a Minotaur Berserker on Dec 14, 2018.
             Was an Elder of Trog.
             Killed from afar by an electric eel (8 damage)
             ... with a bolt of electricity
             ... on level 6 of the Dungeon.
             The game lasted 00:31:39 (4803 turns).

step280290 the Cleaver (Minotaur Berserker)         Turns: 4803, Time: 00:31:40

Health: -1/73      AC: 15    Str: 22    XL:     8   Next: 71%
Magic:  7/7        EV:  9    Int:  4    God:    Trog [****..]
Gold:   296        SH:  0    Dex: 12    Spells: 7/7 levels left

rFire    . . .     SeeInvis .   p - +1 war axe
rCold    . . .     Gourm    .   (no shield)
rNeg     . . .     Faith    .   u - +0 plate armour
rPois    .         Spirit   .   (helmet restricted)
rElec    .         Reflect  .   (no cloak)
rCorr    .         Harm     .   o - +0 pair of gloves
MR       .....                  w - +0 pair of boots
Stlth    ..........             (no amulet)
HPRegen  0.22/turn              (no ring)
MPRegen  0.10/turn              (no ring)

@: no status effects
A: retaliatory headbutt, horns 2
a: Berserk, Trog's Hand, Brothers in Arms, Renounce Religion


You were on level 6 of the Dungeon.
You worshipped Trog.
Trog was greatly pleased with you.
You were hungry.

You visited 1 branch of the dungeon, and saw 6 of its levels.

You collected 296 gold pieces.

Inventory:

Hand Weapons
 p - a +1 war axe (weapon)
Armour
 o - a +0 pair of gloves (worn)
 u - a +0 plate armour (worn)
 w - a +0 pair of boots (worn)
 y - a +0 scale mail
Wands
 l - a wand of paralysis (13)
Scrolls
 d - 2 scrolls of enchant weapon
 h - a scroll of teleportation
 j - 5 scrolls of identify {unknown}
 s - a scroll of fear {unknown}
 t - 2 scrolls of noise {unknown}
 v - a scroll of blinking {unknown}
 x - a scroll of vulnerability {unknown}
Potions
 a - a potion of magic {unknown}
 b - a potion of berserk rage {unknown}
 e - 3 potions of curing {unknown}
 f - a potion of haste
 g - a potion of invisibility {unknown}
 i - 2 potions of degeneration {unknown}
 k - a potion of brilliance {unknown}
 m - a potion of agility {unknown}
 n - a potion of lignification {unknown}
 q - 2 potions of flight {unknown}
 r - 2 potions of ambrosia {unknown}
Comestibles
 c - 10 rations


   Skills:
 + Level 7.0 Fighting
 * Level 9.2 Axes
 + Level 6.3 Armour
 + Level 5.8 Dodging


You had 7 spell levels left.
You didn't know any spells.
Your spell library contained the following spells:

 Spells                   Type           Power        Failure   Level  Hunger
 Beastly Appendage        Tmut           #.....       100%        1    ##.....
 Sticks to Snakes         Tmut           #.......     100%        2    ###....
 Spider Form              Tmut/Pois      #.........   100%        3    ####...
 Ice Form                 Ice/Tmut       #.......     100%        4    #####..
 Blade Hands              Tmut           #.........   100%        5    ######.


Dungeon Overview and Level Annotations

Branches:
Dungeon (6/15)             Temple (0/1) D:6

Altars:
Kikubaaqudgha
Okawaru
Qazlal
Wu Jian
Xom


Innate Abilities, Weirdness & Mutations

You reflexively headbutt those who attack you in melee.
You have a pair of horns on your head.


Message History

The electric eel shoots out a bolt of lightning at you!
Keep equipping yourself?
The bolt of electricity hits you!
You start putting on your armour.
You continue putting on your +0 plate armour.
The electric eel shoots out a bolt of lightning at you!
The bolt of electricity hits you!
You continue putting on your +0 plate armour.
The electric eel shoots out a bolt of lightning at you!
The bolt of electricity hits you!
You continue putting on your +0 plate armour.
The electric eel shoots out a bolt of lightning at you!
The bolt of electricity hits you!
You continue putting on your +0 plate armour.
You finish putting on your +0 plate armour.
The electric eel shoots out a bolt of lightning at you!
The bolt of electricity hits you!
* * * LOW HITPOINT WARNING * * *
The bolt of electricity hits you!
You die...

# #..# #. # #. #..###.
##≈# #. . ≈ #.....P
##≈#. #. .#≈# #..##..
#≈#.. #≈ .#≈# #..####
#≈..#≈#≈#≈######..#
#.≈#;.. ≈.........#
#####.#≈.##.########..#
...........@.....<#
#..#
......###.###.###.##
#..# #..
##.##.##...###..# ...
#..............# ..#
##.#####...######
#.###.## ##.## #...##
#.# ##.## #.#
#.#########.#


You could see an electric eel.

Vanquished Creatures
  Grinder (D:3)
  Duvessa (D:5)
  2 phantoms
  2 ogres
  2 bullfrogs
  Dowan (D:5)
  A howler monkey (D:5)
  2 crimson imps
  2 hounds (D:5)
  A jelly (D:5)
  3 orc priests
  Jessica (D:2)
  A centaur skeleton (D:5)
  Terence (D:3)
  4 orc wizards
  4 worker ants
  A killer bee zombie (D:5)
  A hound skeleton (D:5)
  Robin (D:3)
  3 gnolls (D:3)
  9 adders
  A shadow imp (D:6)
  An ooze (D:2)
  An adder skeleton (D:4)
  2 worms (D:3)
  3 dart slugs
  2 leopard geckos
  17 orcs
  2 ball pythons
  6 bats (D:2)
  4 giant cockroaches
  20 goblins
  8 hobgoblins
  11 jackals
  2 quokkas
  6 frilled lizards
  8 kobolds
  7 rats
145 creatures vanquished.

Notes
Turn   | Place    | Note
-------+----------+-------------------------------------------
     0 | D:1      | step280290 the Minotaur Berserker began the quest for the
                  | Orb.
     0 | D:1      | Reached XP level 1. HP: 19/19 MP: 0/0
   250 | D:1      | Reached XP level 2. HP: 25/27 MP: 1/1
   340 | D:1      | Reached skill level 4 in Axes
  1054 | D:2      | Reached XP level 3. HP: 33/33 MP: 2/2
  1239 | D:2      | Reached ** piety under Trog
  1413 | D:2      | Noticed Jessica
  1420 | D:2      | Killed Jessica
  1420 | D:2      | Reached XP level 4. HP: 39/40 MP: 3/3
  1753 | D:2      | Reached skill level 5 in Axes
  1833 | D:3      | Noticed an ogre
  1844 | D:3      | Killed an ogre
  1844 | D:3      | Reached XP level 5. HP: 25/47 MP: 4/4
  2050 | D:3      | Noticed Robin
  2060 | D:3      | Killed Robin
  2060 | D:3      | Reached XP level 6. HP: 55/55 MP: 5/5
  2072 | D:3      | Reached *** piety under Trog
  2187 | D:3      | Noticed Grinder
  2195 | D:3      | Killed Grinder
  2195 | D:3      | Reached skill level 5 in Fighting
  2195 | D:3      | Reached skill level 6 in Axes
  2252 | D:3      | Noticed Terence
  2265 | D:3      | Killed Terence
  2265 | D:3      | Reached XP level 7. HP: 56/61 MP: 6/6
  2933 | D:4      | Found an ancient bone altar of Kikubaaqudgha.
  2993 | D:4      | Found an ornate altar of the Wu Jian Council.
  2993 | D:4      | Found an iron altar of Okawaru.
  3000 | D:4      | Reached skill level 7 in Axes
  3355 | D:5      | Entered Level 5 of the Dungeon
  3355 | D:5      | Noticed Dowan
  3356 | D:5      | Noticed Duvessa
  3378 | D:5      | Killed Duvessa
  3378 | D:5      | Reached skill level 5 in Armour
  3379 | D:5      | Killed Dowan
  3473 | D:5      | Found a shimmering altar of Xom.
  3487 | D:5      | Reached skill level 5 in Dodging
  3533 | D:5      | Reached XP level 8. HP: 70/70 MP: 7/7
  3557 | D:5      | Reached skill level 8 in Axes
  3786 | D:5      | Found a stormy altar of Qazlal.
  3832 | D:5      | Reached **** piety under Trog
  4303 | D:6      | Reached skill level 9 in Axes
  4593 | D:6      | Found a staircase to the Ecumenical Temple.
  4803 | D:6      | Killed from afar by an electric eel

Skill      XL: |  1  2  3  4  5  6  7  8 |
---------------+-------------------------+-----
Axes           | 4 5 6 7 9 |  9.2
Fighting       | 4 5 6 7 |  7.0
Armour         | 3 4 5 6 |  6.3
Dodging        | 3 4 5 |  5.8

Action                   |  1- 3 |  4- 6 |  7- 9 || total
-------------------------+-------+-------+-------++-------
Melee: Hand axe          |    80 |    12 |       ||    92
       Headbutt          |     8 |    13 |    22 ||    43
       War axe           |       |    76 |   142 ||   218
Invok: Berserk           |     2 |     2 |     1 ||     5
       Trog's Hand       |     1 |     1 |     1 ||     3
  Use: Scroll            |       |     2 |     3 ||     5
  Eat: Chunk             |     4 |     5 |     8 ||    17
Armor: Animal skin       |     2 |       |       ||     2
       Ring mail         |    24 |    34 |       ||    58
       Plate armour      |       |       |    59 ||    59
       Scale mail        |       |       |    12 ||    12
Dodge: Dodged            |    41 |    50 |    54 ||   145
